 Dungeon Crawl Stone Soup version 0.31-a0-234-gad7ace16ef (webtiles) character file.

Game seed: 10895393476704902203

220 qw the Shooter (level 5, -6/30 HPs)
             Began as a Gargoyle Hexslinger on July 9, 2023.
             Mangled by an iguana (8 damage)
             ... on level 4 of the Dungeon.
             The game lasted 00:00:56 (2570 turns).

qw the Shooter (Gargoyle Hexslinger)                Turns: 2570, Time: 00:00:56

Health: -6/30      AC:  7    Str: 12    XL:     5   Next: 97%
Magic:  6/6        EV: 11    Int: 13    God:
Gold:   116        SH:  0    Dex: 14    Spells: 5/6 levels left

rFire   . . .        Y - +1 sling
rCold   . . .        (no shield)
rNeg    + . .        e - +0 leather armour
rPois   inf          (no helmet)
rElec   +            (no cloak)
rCorr   .            (no gloves)
SInv    .            (no boots)
Will    .....        (no amulet)
Stlth   +            (no ring)
HPRegen 0.25/turn    (no ring)
MPRegen 0.10/turn

%: no passive effects
@: no status effects
A: sickness immunity, AC +4, negative energy resistance 1, electricity
resistance, torment resistance 1, petrification resistance
a: no special abilities


You were on level 4 of the Dungeon.
You visited 1 branch of the dungeon, and saw 4 of its levels.

You collected 116 gold pieces.


Innate Abilities, Weirdness & Mutations

You are immune to sickness and miasma.
Your stone body is resilient. (AC +4)
You are immune to poison.
You resist negative energy. (rN+)
You are resistant to electric shocks. (rElec)
You are resistant to unholy torment.
You are immune to petrification.


   Skills:
 + Level 2.2 Fighting
 - Level 5.7 Ranged Weapons
 - Level 1.5 Dodging
 - Level 1.0 Spellcasting
 - Level 2.6 Hexes


You had 5 spell levels left.
You knew the following spells:

 Your Spells              Type           Power      Damage    Failure   Level
a - Slow                  Hex            28%        N/A       12%         1

Your spell library contained the following spells:

 Spells                   Type           Power      Damage    Failure   Level
 Inner Flame              Hex/Fire       4%         N/A       52%         3
 Portal Projectile        Hex/Tloc       8%         N/A       52%         3
 Cause Fear               Hex            3%         N/A       75%         4

Inventory:

Hand Weapons
 Y - a +1 sling (weapon)
Armour
 e - a +0 leather armour (worn)
Jewellery
 a - an amulet of magic regeneration
Scrolls
 g - a scroll of identify
 k - a scroll of enchant armour
Potions
 b - a potion of curing {unknown}
 c - a potion of berserk rage {unknown}
 d - a potion of resistance {unknown}
 f - a potion of cancellation {unknown}
 h - a potion of degeneration {unknown}
 l - a potion of enlightenment
 m - a potion of attraction {unknown}

Dungeon Overview and Level Annotations

Branches:
Dungeon (4/15)
 Temple: D:4-7

Altars:
Hepliaklqana
Qazlal


Message History

You shoot a sling bullet. The sling bullet hits the endoplasm.
The endoplasm is moderately wounded.
You hear an angry hiss.
An iguana comes into view.
You shoot a sling bullet.
The sling bullet closely misses the iguana.
The sling bullet hits the endoplasm.
The endoplasm is almost dead.
You shoot a sling bullet.
The sling bullet completely misses the iguana.
You shoot a sling bullet. The sling bullet hits the iguana.
The iguana is lightly wounded.
The iguana barely misses you.
You shoot a sling bullet.
The sling bullet barely misses the iguana.
The iguana barely misses you. The iguana bites you.
You shoot a sling bullet. The sling bullet hits the iguana.
The iguana is heavily wounded.
The iguana bites you!
You shoot a sling bullet.
The sling bullet hits the endoplasm but does no damage.
The endoplasm is severely wounded.
The endoplasm barely misses you. The iguana barely misses you.
You shoot a sling bullet. The sling bullet hits the endoplasm.
You kill the endoplasm!
The iguana bites you!
You shoot a sling bullet.
The sling bullet closely misses the iguana.
The iguana closely misses you.
You shoot a sling bullet. The sling bullet hits the iguana.
The iguana is heavily wounded.
The iguana bites you.
You shoot a sling bullet.
The sling bullet hits the iguana but does no damage.
The iguana is heavily wounded.
The iguana closely misses you.
You shoot a sling bullet.
The sling bullet barely misses the iguana.
The iguana bites you! x2
You die...

#..###..................#
#...#..##................
.........................
.......................##
..................#.....#
..................##.....
..............##.........
.....##..%#....##........
............<...@........
.#..... .....##l........
... .....>..## .
...#....## ...(###....
...... ...## #..#... ..#.
#..#... #


You could see an iguana.

Vanquished Creatures
  A black bear (D:4)
  Terence (D:2)
  A gnoll (D:1)
  4 adders
  A dart slug (D:2)
  An orc (D:3)
  6 ball pythons
  6 endoplasms
  3 giant cockroaches
  4 goblins
  6 hobgoblins
  4 jackals (D:1)
  3 quokkas
  7 bats
  3 frilled lizards
  3 kobolds
  4 rats
58 creatures vanquished.

Notes
Turn   | Place    | Note
-------+----------+-------------------------------------------
     0 | D:1      | qw the Gargoyle Hexslinger began the quest for the Orb.
     0 | D:1      | Reached XP level 1. HP: 12/12 MP: 2/2
     0 | D:1      | 0 ||| qw: Version: 0.3-a-51-g015441d
     0 | D:1      | 0 ||| qw: Game counter: 4364
     0 | D:1      | 0 ||| qw: Melee chars always use a shield: true
     0 | D:1      | 0 ||| qw: God list: Okawaru
     0 | D:1      | 0 ||| qw: Allow faded altars: false
     0 | D:1      | 0 ||| qw: Do Orc after clearing Dungeon:15 true
     0 | D:1      | 0 ||| qw: Do second Lair branch before Depths: true
     0 | D:1      | 0 ||| qw: Lair rune preference: random
     0 | D:1      | 0 ||| qw: Goals: Normal
     0 | D:1      | 0 ||| PLANNING D:1-11
   178 | D:1      | Found a faded altar of an unknown god.
   244 | D:1      | Reached XP level 2. HP: 16/16 MP: 3/3
   268 | D:1      | You fall into a shaft and drop 1 floor!
   290 | D:2      | Reached skill level 3 in Ranged Weapons
   314 | D:2      | Reached XP level 3. HP: 10/21 MP: 4/4
   379 | D:2      | 379 ||| UPGRADING to +0 leather armour.
   389 | D:2      | 389 ||| DROPPING +0 robe.
   390 | D:2      | 390 ||| READING scroll labelled LETHRU BEDWECIM.
   391 | D:2      | 391 ||| DROPPING scroll of poison.
   815 | D:1      | 815 ||| READING scroll labelled JEONU JO OWEN.
  1095 | D:2      | Noticed Terence
  1109 | D:2      | Killed Terence
  1110 | D:2      | Reached skill level 4 in Ranged Weapons
  1110 | D:2      | Reached XP level 4. HP: 18/26 MP: 5/5
  1782 | D:2      | 1782 ||| READING scroll labelled DINIRIT IMPOT.
  1783 | D:2      | 1783 ||| READING scroll labelled IXENUOPNAE.
  1804 | D:2      | 1804 ||| READING scroll labelled XERPHU GUEZURCH.
  2015 | D:3      | Reached XP level 5. HP: 30/30 MP: 6/6
  2205 | D:3      | Found a hazy altar of Hepliaklqana.
  2216 | D:3      | Found a stormy altar of Qazlal.
  2310 | D:3      | 2310 ||| READING scroll labelled CIAVVA QEARRAN.
  2315 | D:3      | 2315 ||| READING scroll labelled EHUCHIAWEG.
  2316 | D:3      | 2316 ||| READING scroll labelled IMEBAN VUSUM.
  2317 | D:3      | 2317 ||| DRINKING 2 ruby potions.
  2372 | D:4      | Noticed a black bear
  2383 | D:4      | HP: 2/30 [black bear (7)]
  2384 | D:4      | Killed a black bear
  2385 | D:4      | Reached skill level 5 in Ranged Weapons
  2570 | D:4      | HP: 2/30 [iguana (10)]
  2570 | D:4      | Mangled by an iguana

Levels and vault maps discovered:
D:1:      amcnicky_arrival_gap_in_the_tavern_cellar, layout_basic,
          chequers_ecumenical_altar_simple
D:2:      layout_basic, minmay_cupped, uniq_terence
D:3:      layout_basic, mainiacjoe_overflow_large_starburst
D:4:      layout_cave_pools, trog_book, minmay_mini_ossuary

Skill      XL: |  1  2  3  4  5 |
---------------+----------------+-----
Ranged Weapons | 3 4 5 |  5.7
Fighting       | 2 |  2.2
Dodging        | |  1.5
Spellcasting   | |  1.0
Hexes          | |  2.6

Action                     |  1- 3 |  4- 6 || total
---------------------------+-------+-------++-------
   Fire: Sling             |   118 |   102 ||   220
    Use: Scroll            |     2 |     6 ||     8
         Potion            |       |     1 ||     1
 Armour: Robe              |    20 |       ||    20
         Leather armour    |    10 |    18 ||    28
  Dodge: Dodged            |    47 |    33 ||    80

Table legend:
 A = Non-vault XP
 B = Vault XP
 C = Vault XP percentage of total XP
 D = Non-vault monster count
 E = Vault monster count
 F = Vault count percentage of total count
                 A         B        C        D         E       F
            +---------+---------+-------+---------+---------+-------
      Total |     262 |      53 |  16.8 |      54 |       4 |   6.9
            +---------+---------+-------+---------+---------+-------
        D:1 |      38 |       0 |   0.0 |      16 |       0 |   0.0
        D:2 |      36 |      53 |  59.6 |      15 |       4 |  21.1
        D:3 |      49 |       0 |   0.0 |      13 |       0 |   0.0
        D:4 |     139 |       0 |   0.0 |      10 |       0 |   0.0
            +---------+---------+-------+---------+---------+-------
